SL
WIZARDING EXPRESS @ TOLEDO STINGERS
09/29/2031
 
TOP OF THE 1ST
Wizarding Express batting - Pitching for Toledo Stingers : LHP Hermenegildo Beliago
Pitching: LHP Hermenegildo Beliago
Batting: LHB José Corona 0-0: Ball
1-0: Ball
2-0: Foul Ball, location: 2F
2-1: Ball
3-1: Fly out, F9 (Flyball, 9S)
Batting: RHB Frank Grimes 0-0: Called Strike
0-1: Fly out, F9 (Flyball, 89S)
Batting: RHB António Martínez 0-0: Called Strike
0-1: Ball
1-1: Called Strike
1-2: Fly out, F9 (Flyball, 89XD)
Top of the 1st over - 0 runs, 0 hits, 0 errors, 0 left on base; Wizarding 0 - Toledo 0
BOTTOM OF THE 1ST
Toledo Stingers batting - Pitching for Wizarding Express : LHP Jorge Cedeño
Pitching: LHP Jorge Cedeño
Batting: RHB Steve Koch 0-0: Ball
1-0: Swinging Strike
1-1: Ball
2-1: Foul Ball, location: 2F
2-2: Strikes out swinging
Batting: RHB Juan Cabrera 0-0: Called Strike
0-1: Called Strike
0-2: SINGLE (Groundball, 56) (infield hit)
Batting: RHB Alfredo Martínez 0-0: Ball
Juan Cabrera steals 2nd base
1-0: Called Strike
1-1: Ball
2-1: Ball
3-1: Foul Ball, location: 2F
3-2: Foul Ball, location: 2F
3-2: Strikes out swinging
Batting: LHB Tural Bishara 0-0: Foul Ball, location: 2F
0-1: SINGLE (Line Drive, 9S)
Juan Cabrera to third
Runner from 3rd tries for Home, SAFE, no throw
Batting: RHB Armando Alvarado 0-0: Ball
1-0: 2-RUN HOME RUN (Flyball, 7LD), Distance : 354 ft
Batting: RHB Brett Callison 0-0: Called Strike
0-1: Ball
1-1: Foul Ball, location: 2F
1-2: Foul Ball, location: 2F
1-2: Ground out 5-3 (Groundball, 56)
Bottom of the 1st over - 3 runs, 3 hits, 0 errors, 0 left on base; Wizarding 0 - Toledo 3
TOP OF THE 2ND
Wizarding Express batting - Pitching for Toledo Stingers : LHP Hermenegildo Beliago
Batting: RHB Ralph Cranford 0-0: Ball
1-0: Ground out 5-3 (Groundball, 56S)
Batting: LHB Nathan Tanner 0-0: Ball
1-0: Ball
2-0: Ground out 6-3 (Groundball, 6)
Batting: RHB Paul Penrice 0-0: Foul Ball, location: 2F
0-1: Ball
1-1: Foul Ball, location: 2F
1-2: Ball
2-2: Ground out 6-3 (Groundball, 6)
Top of the 2nd over - 0 runs, 0 hits, 0 errors, 0 left on base; Wizarding 0 - Toledo 3
BOTTOM OF THE 2ND
Toledo Stingers batting - Pitching for Wizarding Express : LHP Jorge Cedeño
Batting: RHB Héctor Rivera 0-0: Ball
1-0: Ball
2-0: Called Strike
2-1: Called Strike
2-2: Strikes out swinging
Batting: RHB Pedro Álvarez 0-0: Ball
1-0: Called Strike
1-1: Ball
2-1: Foul Ball, location: 2F
2-2: Ball
3-2: Foul Ball, location: 2F
3-2: SINGLE (Groundball, 4MD)
Batting: LHB Rafael Sánchez 0-0: Called Strike
0-1: Called Strike
0-2: Ball
1-2: Ball
2-2: Foul Ball, location: 2F
2-2: Strikes out swinging
Batting: RHB Steve Koch 0-0: Foul Ball, location: 2F
0-1: Swinging Strike
0-2: Ball
1-2: Ball
2-2: Foul Ball, location: 2F
2-2: Strikes out swinging
Bottom of the 2nd over - 0 runs, 1 hit, 0 errors, 1 left on base; Wizarding 0 - Toledo 3
TOP OF THE 3RD
Wizarding Express batting - Pitching for Toledo Stingers : LHP Hermenegildo Beliago
Batting: SHB Salvador Trevino 0-0: Called Strike
0-1: Ground out 4-3 (Groundball, 4)
Batting: LHB Cris Gonzáles 0-0: Called Strike
0-1: Fly out, F8 (Flyball, 8LD)
Batting: LHB António Boccanegra 0-0: Ground out 6-3 (Groundball, 6)
Top of the 3rd over - 0 runs, 0 hits, 0 errors, 0 left on base; Wizarding 0 - Toledo 3
BOTTOM OF THE 3RD
Toledo Stingers batting - Pitching for Wizarding Express : LHP Jorge Cedeño
Batting: RHB Juan Cabrera 0-0: Ball
1-0: Called Strike
1-1: Foul Ball, location: 2F
1-2: SINGLE (Groundball, 34D)
Batting: RHB Alfredo Martínez 0-0: Fly out, F9 (Flyball, 89M)
Batting: LHB Tural Bishara 0-0: Called Strike
0-1: Fielders Choice at 2nd, 3-6 (Groundball, 3)
Batting: RHB Armando Alvarado 0-0: Called Strike
Tural Bishara steals 2nd base
0-1: Ball
1-1: Called Strike
1-2: Foul Ball, location: 2F
1-2: Foul Ball, location: 2F
1-2: Ground out 5-3 (Groundball, 56)
Bottom of the 3rd over - 0 runs, 1 hit, 0 errors, 1 left on base; Wizarding 0 - Toledo 3
TOP OF THE 4TH
Wizarding Express batting - Pitching for Toledo Stingers : LHP Hermenegildo Beliago
Batting: LHB José Corona 0-0: Foul Ball, location: 2F
0-1: Called Strike
0-2: Fly out, F1 (Popup, P)
Batting: RHB Frank Grimes 0-0: Ground out 4-3 (Groundball, 4)
Batting: RHB António Martínez 0-0: Ball
1-0: Ball
2-0: Ball
3-0: Base on Balls
Batting: RHB Ralph Cranford 0-0: Ball
1-0: Called Strike
1-1: Ball
2-1: DOUBLE (Flyball, 78XD)
António Martínez to third
Runner from 3rd tries for Home, SAFE, no throw
Batting: LHB Nathan Tanner 0-0: Ball
1-0: Ball
2-0: Ground out U3 (Groundball, 34)
Top of the 4th over - 1 run, 1 hit, 0 errors, 1 left on base; Wizarding 1 - Toledo 3
BOTTOM OF THE 4TH
Toledo Stingers batting - Pitching for Wizarding Express : LHP Jorge Cedeño
Batting: RHB Brett Callison 0-0: Ball
1-0: Foul Ball, location: 2F
1-1: Swinging Strike
1-2: Strikes out swinging
Batting: RHB Héctor Rivera 0-0: Ball
1-0: Called Strike
1-1: SINGLE (Groundball, 56D)
Batting: RHB Pedro Álvarez 0-0: Ball
1-0: Ball
2-0: Fielders Choice at 2nd, 4-6 (Groundball, 4)
Batting: LHB Rafael Sánchez 0-0: Called Strike
0-1: Ball
1-1: Called Strike
1-2: Ground out 4-3 (Groundball, 4)
Bottom of the 4th over - 0 runs, 1 hit, 0 errors, 1 left on base; Wizarding 1 - Toledo 3
TOP OF THE 5TH
Wizarding Express batting - Pitching for Toledo Stingers : LHP Hermenegildo Beliago
Batting: RHB Paul Penrice 0-0: Ball
1-0: Ball
2-0: Fly out, F8 (Flyball, 8LS)
Batting: SHB Salvador Trevino 0-0: Ball
1-0: Foul Ball, location: 2F
1-1: Swinging Strike
1-2: Ball
2-2: SINGLE (Groundball, 4MD)
Batting: LHB Cris Gonzáles 0-0: Grounds into double play, 4-6-3 (Groundball, 34)
Top of the 5th over - 0 runs, 1 hit, 0 errors, 0 left on base; Wizarding 1 - Toledo 3
BOTTOM OF THE 5TH
Toledo Stingers batting - Pitching for Wizarding Express : LHP Jorge Cedeño
Batting: RHB Steve Koch 0-0: Called Strike
0-1: Ball
1-1: Foul Ball, location: 2F
1-2: Ball
2-2: Foul Ball, location: 2F
2-2: Ball
3-2: SINGLE (Groundball, 56) (infield hit)
Batting: RHB Juan Cabrera 0-0: Ball
1-0: Ball
2-0: Called Strike
2-1: Ball
3-1: Ground out U3 (Groundball, 3S)
Steve Koch to second
Batting: RHB Alfredo Martínez 0-0: Called Strike
0-1: Ball
1-1: Ground out 6-3 (Groundball, 6)
Batting: LHB Tural Bishara 0-0: Ground out U3 (Groundball, 3)
Bottom of the 5th over - 0 runs, 1 hit, 0 errors, 1 left on base; Wizarding 1 - Toledo 3
TOP OF THE 6TH
Wizarding Express batting - Pitching for Toledo Stingers : LHP Hermenegildo Beliago
Batting: LHB António Boccanegra 0-0: Ball
1-0: Called Strike
1-1: Ball
2-1: Foul Ball, location: 2F
2-2: Ground out 5-3 (Groundball, 5L)
Batting: LHB José Corona 0-0: Ball
1-0: SINGLE (Groundball, 56D)
Batting: RHB Frank Grimes 0-0: Called Strike
0-1: Called Strike
0-2: Strikes out swinging
Batting: RHB António Martínez 0-0: Ball
Pickoff Throw to First - Error! E1
José Corona to second
1-0: Called Strike
1-1: Foul Ball, location: 2F
1-2: Fly out, F7 (Line Drive, 7D)
Top of the 6th over - 0 runs, 1 hit, 1 error, 1 left on base; Wizarding 1 - Toledo 3
BOTTOM OF THE 6TH
Toledo Stingers batting - Pitching for Wizarding Express : LHP Jorge Cedeño
Batting: RHB Armando Alvarado 0-0: Called Strike
0-1: Swinging Strike
0-2: Strikes out looking
Batting: RHB Brett Callison 0-0: Called Strike
0-1: Ball
1-1: Foul Ball, location: 2F
1-2: Strikes out swinging
Batting: RHB Héctor Rivera 0-0: Ball
1-0: Foul Ball, location: 2F
1-1: SINGLE (Flyball, 8LS)
Batting: RHB Pedro Álvarez 0-0: Ball
1-0: Ball
2-0: Foul Ball, location: 2F
2-1: Ball
Wild Pitch!
Héctor Rivera to second
3-1: Fly out, F8 (Flyball, 78D)
Bottom of the 6th over - 0 runs, 1 hit, 0 errors, 1 left on base; Wizarding 1 - Toledo 3
TOP OF THE 7TH
Wizarding Express batting - Pitching for Toledo Stingers : LHP Hermenegildo Beliago
Batting: RHB Ralph Cranford 0-0: SINGLE (Groundball, 5S) (infield hit)
Batting: LHB Nathan Tanner 0-0: Ball
1-0: Swinging Strike
1-1: SINGLE (Line Drive, 13S)
Ralph Cranford to second
Runner from 2nd tries for 3rd, OUT!
Batting: RHB Paul Penrice 0-0: Called Strike
0-1: Foul Ball, location: 2F
0-2: Ball
1-2: Strikes out swinging
Batting: SHB Salvador Trevino 0-0: Ball
1-0: Ball
2-0: SINGLE (Flyball, 8RS)
Nathan Tanner to second
Batting: LHB Cris Gonzáles 0-0: Ball
1-0: Ball
2-0: Ball
3-0: Called Strike
3-1: Called Strike
3-2: Ground out 6-3 (Groundball, 6)
Top of the 7th over - 0 runs, 3 hits, 0 errors, 2 left on base; Wizarding 1 - Toledo 3
BOTTOM OF THE 7TH
Toledo Stingers batting - Pitching for Wizarding Express : LHP Jorge Cedeño
Batting: LHB Rafael Sánchez 0-0: Foul Ball, location: 2F
0-1: Ball
1-1: Called Strike
1-2: Strikes out swinging
Pitching: RHP Biff Tannen
Batting: RHB Steve Koch 0-0: Called Strike
0-1: Called Strike
0-2: Strikes out swinging
Batting: RHB Juan Cabrera 0-0: Ball
1-0: Called Strike
1-1: Ball
2-1: Ground out 6-3 (Groundball, 56D)
Bottom of the 7th over - 0 runs, 0 hits, 0 errors, 0 left on base; Wizarding 1 - Toledo 3
TOP OF THE 8TH
Wizarding Express batting - Pitching for Toledo Stingers : LHP Hermenegildo Beliago
Batting: LHB António Boccanegra 0-0: Ground out U3 (Groundball, 3S)
Batting: LHB José Corona 0-0: Fly out, F8 (Flyball, 8RS)
Batting: RHB Frank Grimes 0-0: Called Strike
0-1: Ball
1-1: Swinging Strike
1-2: Ball
2-2: Foul Ball, location: 2F
2-2: Foul Ball, location: 2F
2-2: Ball
3-2: Foul Ball, location: 2F
3-2: Foul Ball, location: 2F
3-2: Base on Balls
Pitching: LHP An Jang-Yop
Batting: RHB António Martínez 0-0: Called Strike
0-1: Called Strike
0-2: Ball
1-2: Ball
2-2: Strikes out swinging
Top of the 8th over - 0 runs, 0 hits, 0 errors, 1 left on base; Wizarding 1 - Toledo 3
BOTTOM OF THE 8TH
Toledo Stingers batting - Pitching for Wizarding Express : RHP Biff Tannen
Batting: RHB Alfredo Martínez 0-0: Called Strike
0-1: Swinging Strike
0-2: Strikes out swinging
Pitching: RHP Marcos Oquendo
Batting: LHB Tural Bishara 0-0: Swinging Strike
0-1: Ball
1-1: SINGLE (Flyball, 8LS)
Batting: RHB Armando Alvarado 0-0: Ball
1-0: DOUBLE (Flyball, 78XD)
Tural Bishara to third
Runner from 3rd tries for Home, SAFE, no throw
Batting: RHB Brett Callison 0-0: Called Strike
0-1: Ball
1-1: Ground out 5-3 (Groundball, 56)
Batting: RHB Héctor Rivera 0-0: Called Strike
0-1: Ball
1-1: Swinging Strike
1-2: Foul Ball, location: 2F
1-2: Ball
2-2: Strikes out swinging
Bottom of the 8th over - 1 run, 2 hits, 0 errors, 1 left on base; Wizarding 1 - Toledo 4
TOP OF THE 9TH
Wizarding Express batting - Pitching for Toledo Stingers : LHP An Jang-Yop
Batting: RHB Ralph Cranford 0-0: Foul Ball, location: 2F
0-1: Ball
1-1: Swinging Strike
1-2: Strikes out swinging
Batting: LHB Nathan Tanner 0-0: Ground out 1-3 (Groundball, 15S)
Batting: RHB Paul Penrice 0-0: Ball
1-0: Swinging Strike
1-1: Called Strike
1-2: Foul Ball, location: 2F
1-2: Strikes out swinging
Top of the 9th over - 0 runs, 0 hits, 0 errors, 0 left on base; Wizarding 1 - Toledo 4
Tuesday, June 12th, 2018 - OOTP Baseball 18.8 Build 76